 Dungeon Sprint DCSS version 0.18.1-50-g88ac8fd (webtiles) character file.

99 Kagutsuchi the Skirmisher (level 4, -6/45 HPs)
             Began as a Draconian Berserker on Oct 21, 2016.
             Was a Believer of Trog.
             Killed by nerve-wracking pain
             ... invoked by Menkaure
              (11 damage)
             ... in the Dungeon (Sprint II: "The Violet Keep of Menkaure").
             The game lasted 00:00:26 (33 turns).

Kagutsuchi the Skirmisher (Draconian Berserker)       Turns: 33, Time: 00:00:26

Health: -6/45      AC:  5    Str: 19    XL:     4   Next: 45%
Magic:  4/4        EV: 14    Int:  7    God:    Trog [**....]
Gold:   0          SH:  0    Dex: 12    Spells: 0 memorised, 3 levels left

rFire  . . .     SeeInvis .     a - +0 falchion
rCold  . . .     Gourm    .     (armour unavailable)
rNeg   . . .     Faith    .     (no shield)
rPois  .         Spirit   .     (helmet restricted)
rElec  .         Dismiss  .     (no cloak)
rCorr  .         Reflect  .     (no gloves)
SustAt .         Harm     .     (no boots)
MR     .....     NoTele   +     (no amulet)
Stlth  +.........               (no ring)
                                (no ring)

@: exhausted, slowed, very slow, not resistant to hostile enchantments, very
unstealthy
A: unfitting armour, cold-blooded, AC +5
a: Berserk, Trog's Hand, Burn Spellbooks, Renounce Religion


You were in the Dungeon.
You worshipped Trog.
Trog was pleased with you.
You were not hungry.

You visited 1 branch

Inventory:

Hand Weapons
 a - a +0 falchion (weapon)
Scrolls
 h - a scroll of blinking
Potions
 e - a potion of haste
 f - 2 potions of magic
 g - a potion of berserk rage
Comestibles
 b - a bread ration


   Skills:
 + Level 6.4 Fighting
 + Level 5.9 Long Blades
 + Level 5.4 Dodging


You had 3 spell levels left.
You didn't know any spells.

Dungeon Overview and Level Annotations

Branches:
Dungeon (1/1)

Altars:

Annotations:
D Menkaure


Innate Abilities, Weirdness & Mutations

Your plain brown scales are hard (AC +5).
Your body does not fit into most forms of armour.
You are cold-blooded and may be slowed by cold attacks.


Message History

Menkaure seems to speed up.
There is a staircase leading out of the dungeon here.
You completely miss Menkaure.
Menkaure is severely damaged.
Menkaure misses you.
The boulder beetle curls into a ball and starts rolling!
The boulders collide with a stupendous crash!
The boulder beetle stops rolling. x2
Menkaure sighs, "It doesn't hurt if you pull your brain out of your nose yourself."
Menkaure hits you! The necrophage barely misses you.
You hit Menkaure.
Menkaure is severely damaged.
Menkaure hits you!!
* * * LOW HITPOINT WARNING * * *
The necrophage hits you.
* * * LOW HITPOINT WARNING * * *
The necrophage hits you but does no damage.
Menkaure points at you and mumbles some strange words.
Pain shoots through your body!
You die...

## ## ##. .##
.. .. ## .#n
#.# #n# ##
#..##n##ยง..#
#'n@MB#
#..##.##B..#
#.# #+# .##
## #


You could see 2 boulder beetles, 4 necrophages and Menkaure.

Vanquished Creatures
  4 worker ants (D)
4 creatures vanquished.

Notes
Turn   | Place    | Note
--------------------------------------------------------------
     0 | D        | Kagutsuchi the Draconian Berserker began the quest for the Orb.
     0 | D        | Reached XP level 1. HP: 19/19 MP: 1/1
     1 | D        | Noticed a worker ant
     1 | D        | Noticed a worker ant
     1 | D        | Noticed a worker ant
     1 | D        | Noticed a worker ant
     7 | D        | Killed a worker ant
     7 | D        | Reached skill level 4 in Fighting
     7 | D        | Reached XP level 2. HP: 23/28 MP: 2/2
    12 | D        | Reached skill level 5 in Fighting
    12 | D        | Reached skill level 5 in Long Blades
    12 | D        | Reached XP level 3. HP: 22/36 MP: 3/3
    19 | D        | Reached ** piety under Trog
    19 | D        | Reached skill level 6 in Fighting
    19 | D        | Reached skill level 5 in Dodging
    19 | D        | Reached XP level 4. HP: 19/44 MP: 4/4
    30 | D        | Noticed a boulder beetle
    30 | D        | Noticed Menkaure
    30 | D        | Noticed a necrophage
    30 | D        | Noticed a necrophage
    30 | D        | Noticed a necrophage
    30 | D        | Noticed a necrophage
    31 | D        | Noticed a boulder beetle
    33 | D        | Killed from afar by Menkaure

Skill      XL: |  1  2  3 |
---------------+----------+-----
Fighting       | 4 5 6 |  6.4
Long Blades    | 4 5 |  5.9
Dodging        | 4 5 |  5.4

Action                   |  1- 3 |  4- 6 || total
-------------------------+-------+-------++-------
Melee: Falchion          |    17 |     6 ||    23
       Tailslap          |     4 |     1 ||     5
Invok: Berserk           |     1 |       ||     1
  Use: Potion            |       |     2 ||     2
Armor: Skin              |     5 |     1 ||     6
Dodge: Dodged            |     4 |     4 ||     8
